[Event "M11"]
[Site "?"]
[Date "2023.07.23"]
[Round "1"]
[White "Doring, Robert"]
[Black "Hartwig, Maik"]
[Result "1-0"]
[ECO "B08"]
[WhiteElo "2142"]
[BlackElo "2040"]
[Annotator ",martin-koller@seznam"]
[PlyCount "59"]
[TimeControl "240+2"]

{600MB, Fritz10.ctg} 1. e4 g6 2. d4 Bg7 3. Nf3 d6 4. Nc3 Nf6 5. Be2 O-O 6. O-O
c6 7. a4 Qc7 8. h3 e5 9. dxe5 dxe5 10. Bc4 Nbd7 11. Be3 b6 12. Qd2 Bb7 13. Rfd1
Rad8 14. Qe2 h6 15. Nh4 Kh7 16. g4 Ne8 17. f3 Nd6 18. Bb3 Nc5 19. Bxc5 bxc5 20.
Ng2 f5 21. exf5 gxf5 22. Be6 Kh8 23. Nh4 Rf6 24. Bxf5 Nxf5 25. Nxf5 c4 26. Ne4
Ba6 27. Rxd8+ Qxd8 28. Rd1 Qb6+ 29. Qf2 c3 30. Qxb6 *

[Event "M11"]
[Site "?"]
[Date "2023.07.23"]
[Round "1"]
[White "Aubrecht, Petr"]
[Black "Novotny, David"]
[Result "0-1"]
[ECO "A03"]
[WhiteElo "1985"]
[BlackElo "2034"]
[Annotator ",martin-koller@seznam"]
[PlyCount "50"]
[TimeControl "240+2"]

{600MB, Fritz10.ctg} 1. b3 d5 2. Bb2 Nf6 3. e3 Bf5 4. f4 e6 5. Nf3 Nbd7 6. Be2
Bd6 7. O-O h6 8. Ne5 Qe7 9. c4 O-O-O 10. a4 g5 11. g4 Bxb1 12. Nxd7 Kxd7 13.
Qxb1 gxf4 14. c5 Bxc5 15. Rxf4 Ne4 16. Bxh8 Rxh8 17. Qb2 Rg8 18. Bd3 Bd6 19. h3
Bxf4 20. exf4 Qc5+ 21. Kh1 Nf2+ 22. Kg2 Nxd3 23. Qf6 Qf2+ 24. Kh1 Qf3+ 25. Kh2
Qxf4+ 0-1

[Event "M11"]
[Site "?"]
[Date "2023.07.23"]
[Round "1"]
[White "Hansch, Torsten"]
[Black "Hentzgen, Thomas"]
[Result "1/2-1/2"]
[ECO "D31"]
[WhiteElo "2079"]
[BlackElo "2004"]
[Annotator ",martin-koller@seznam"]
[PlyCount "26"]
[TimeControl "240+2"]

{600MB, Fritz10.ctg} 1. d4 d5 2. c4 e6 3. Nf3 a6 4. cxd5 exd5 5. Nc3 c6 6. Bg5
Be7 7. Bxe7 Nxe7 8. e3 O-O 9. Bd3 Bf5 10. O-O Nd7 11. b4 b5 12. a4 Qc7 13. a5
Qd6 1/2-1/2

[Event "M11"]
[Site "?"]
[Date "2023.07.23"]
[Round "1"]
[White "Hansch, Stephan"]
[Black "Adelmeyer, Matti"]
[Result "1-0"]
[ECO "A87"]
[WhiteElo "2123"]
[BlackElo "1944"]
[Annotator ",martin-koller@seznam"]
[PlyCount "71"]
[TimeControl "240+2"]

{600MB, Fritz10.ctg} 1. d4 f5 2. Nf3 Nf6 3. g3 g6 4. Bg2 Bg7 5. O-O O-O 6. c4
d6 7. Nc3 Qe8 8. d5 Na6 9. Nd4 Bd7 10. a3 c6 11. b4 Nc7 12. Qd3 cxd5 13. cxd5
Qf7 14. Ne6 Nxe6 15. dxe6 Bxe6 16. Bxb7 Rab8 17. Ba6 Nd5 18. Bd2 f4 19. Nxd5
Bxd5 20. Rac1 fxg3 21. hxg3 Be6 22. Be3 Bh3 23. Rfd1 Bh6 24. Rc7 Bf5 25. Qd2
Bxe3 26. Qxe3 d5 27. Qxe7 Be6 28. f3 Rb6 29. Qc5 Qf6 30. Rxa7 Bf5 31. Qxd5+ Kh8
32. Qd4 Bc2 33. Qxf6+ Rbxf6 34. Rdd7 g5 35. Bd3 Bxd3 36. Rxd3 1-0

[Event "M11"]
[Site "?"]
[Date "2023.07.23"]
[Round "1"]
[White "Hozda, Max"]
[Black "Hajek, Zdenek"]
[Result "1/2-1/2"]
[ECO "D36"]
[WhiteElo "1986"]
[BlackElo "1994"]
[Annotator ",martin-koller@seznam"]
[PlyCount "110"]
[TimeControl "240+2"]

{600MB, Fritz10.ctg} 1. d4 Nf6 2. c4 e6 3. Nc3 d5 4. cxd5 exd5 5. Bg5 Be7 6. e3
c6 7. Bd3 O-O 8. Qc2 h6 9. Bh4 Re8 10. Nf3 Nbd7 11. O-O Ne4 12. Bxe7 Qxe7 13.
Rab1 Ng5 14. Nxg5 Qxg5 15. b4 Nf6 16. b5 Bd7 17. bxc6 Bxc6 18. Nb5 Bxb5 19.
Rxb5 b6 20. a4 Rac8 21. Qb3 Re7 22. a5 bxa5 23. Rb8 Qg4 24. h3 Qd7 25. Rxc8+
Qxc8 26. Qa3 Qd8 27. Ra1 Rc7 28. Qxa5 g6 29. Qb4 Qc8 30. Kh2 Rb7 31. Qd6 Qc7
32. Qxc7 Rxc7 33. Ra5 Kf8 34. g4 Rc3 35. Bb1 Rb3 36. Ra1 Rb7 37. Kg2 a5 38. Bd3
Rb3 39. Be2 Rb2 40. Bf3 Rb5 41. Ra2 Ne4 42. Bxe4 dxe4 43. Kg3 Ke7 44. f3 exf3
45. Kxf3 f5 46. gxf5 gxf5 47. Kf4 Kf6 48. Rc2 Rb6 49. Rc5 Ra6 50. Rxf5+ Ke7 51.
Rb5 a4 52. Rb2 a3 53. Ra2 Kf6 54. e4 Ra5 55. d5 Ra4 1/2-1/2

[Event "K11"]
[Site "?"]
[Date "2023.07.23"]
[Round "1"]
[White "Vesely, Jaromir"]
[Black "Spindler, Markus"]
[Result "1-0"]
[ECO "A85"]
[WhiteElo "1895"]
[BlackElo "1885"]
[Annotator ",martin-koller@seznam"]
[PlyCount "56"]
[TimeControl "240+2"]

{600MB, Fritz10.ctg} 1. d4 d5 2. c4 e6 3. Nc3 f5 4. Nf3 Nf6 5. Bg5 Be7 6. e3
O-O 7. Bd3 c6 8. O-O Ne4 9. Bxe7 Qxe7 10. Ne5 Nd7 11. f4 Ndf6 12. Bxe4 Nxe4 13.
Nxe4 fxe4 14. Kh1 Bd7 15. g4 Rad8 16. Qe1 b6 17. Rc1 Rc8 18. c5 Be8 19. b4 Qb7
20. Rc2 b5 21. Rg2 Qe7 22. f5 exf5 23. gxf5 Rc7 24. Qg3 Kh8 25. Ng4 Bh5 26. f6
Bxg4 27. fxe7 Rxf1+ 28. Rg1 Bf3+ 1-0

[Event "K11"]
[Site "?"]
[Date "2023.07.23"]
[Round "1"]
[White "Petras, Milan"]
[Black "Marsalek, Lubos"]
[Result "1/2-1/2"]
[ECO "B23"]
[WhiteElo "1886"]
[BlackElo "1883"]
[Annotator ",martin-koller@seznam"]
[PlyCount "47"]
[TimeControl "240+2"]

{600MB, Fritz10.ctg} 1. e4 c5 2. Nc3 Nc6 3. g4 d6 4. d3 Nd4 5. h3 e5 6. Bg2 Be7
7. Nge2 Be6 8. Be3 Nf6 9. Ng3 g6 10. Qd2 Qa5 11. f4 exf4 12. Bxf4 Nd7 13. O-O
O-O-O 14. a3 Qa6 15. b4 Bf6 16. Rab1 c4 17. a4 Qb6 18. Kh2 Be5 19. Be3 Qc7 20.
Bxd4 Bxd4 21. Nb5 Qb6 22. dxc4 Be5 23. a5 Qa6 24. Qd3 1/2-1/2

[Event "K11"]
[Site "?"]
[Date "2023.07.23"]
[Round "1"]
[White "Fitzke, Ulrich"]
[Black "Schoenmakers, Nico"]
[Result "1/2-1/2"]
[ECO "D45"]
[WhiteElo "1796"]
[BlackElo "1839"]
[Annotator ",martin-koller@seznam"]
[PlyCount "59"]
[TimeControl "240+2"]

{600MB, Fritz10.ctg} 1. d4 d5 2. c4 e6 3. Nc3 c6 4. e3 Nf6 5.
Nf3 Be7 6. Bd3 dxc4 7. Bxc4 b5 8. Bd3 a6 9. O-O Nbd7 10. b3 O-O 11. Bb2 c5 12.
Rc1 Bb7 13. Qe2 Rc8 14. Rfd1 Qb6 15. dxc5 Nxc5 16. Bb1 Rfd8 17. b4 Ncd7 18. a3
Qa7 19. h3 Qa8 20. Ne1 Nb6 21. Rxd8+ Rxd8 22. Rd1 Nc4 23. Rxd8+ Qxd8 24. Bc1
Qc8 25. Qc2 g6 26. Ne2 Be4 27. Nd3 Bb7 28. f3 h5 29. Ba2 Nb6 30. Qxc8+ 1/2-1/2

[Event "K11"]
[Site "?"]
[Date "2023.07.23"]
[Round "1"]
[White "Tesar, Jakub"]
[Black "Thomasson, Staffan"]
[Result "1-0"]
[ECO "B06"]
[WhiteElo "1888"]
[BlackElo "1740"]
[Annotator ",martin-koller@seznam"]
[PlyCount "101"]
[TimeControl "240+2"]

{600MB, Fritz10.ctg} 1. e4 g6 2. d4 c6 3. c4 d5 4. Nc3 dxe4 5. Nxe4 Bg7 6. Be3
Nh6 7. Nf3 Nf5 8. Be2 Nxe3 9. fxe3 Qa5+ 10. Nc3 O-O 11. O-O Nd7 12. Qc2 e5 13.
a3 exd4 14. exd4 Qc7 15. b4 Nb6 16. Rad1 Bf5 17. Qb3 Rad8 18. c5 Nd5 19. Nxd5
cxd5 20. Bd3 Be4 21. Bb1 Qd7 22. Kh1 Qg4 23. Qb2 h5 24. Qd2 h4 25. Ne5 Bxe5 26.
dxe5 h3 27. Bxe4 Qxe4 28. Rfe1 hxg2+ 29. Qxg2 Qxg2+ 30. Kxg2 Rfe8 31. Kf3 Kf8
32. Kf4 Ke7 33. Rd2 Ke6 34. Rf2 Rh8 35. Kg3 Rh5 36. Rf6+ Ke7 37. Ref1 d4 38.
Rxf7+ Ke6 39. Rxb7 d3 40. c6 Rxe5 41. c7 Rg5+ 42. Kf4 Rf5+ 43. Ke3 Re5+ 44. Kd2
Re2+ 45. Kd1 Rc8 46. Re1 Kd6 47. Rxe2 dxe2+ 48. Kxe2 Rxc7 49. Rxc7 Kxc7 50. Ke3
Kc6 51. Kf4 1-0

[Event "M11"]
[Site "?"]
[Date "2023.07.23"]
[Round "2"]
[White "Hansch, Stephan"]
[Black "Hozda, Max"]
[Result "1/2-1/2"]
[ECO "D45"]
[WhiteElo "2123"]
[BlackElo "1986"]
[Annotator ",martin-koller@seznam"]
[PlyCount "78"]
[TimeControl "240+2"]

{600MB, Fritz10.ctg} 1. d4 d5 2. c4 c6 3. Nf3 Nf6 4. e3 e6 5. Nc3 Nbd7 6. b3 b6
7. Bb2 Bb7 8. Be2 Be7 9. O-O O-O 10. Rc1 Rc8 11. Qd3 c5 12. cxd5 Nxd5 13. Nxd5
Bxd5 14. Rfd1 cxd4 15. Nxd4 Rxc1 16. Rxc1 Bf6 17. Ba3 Re8 18. Nb5 Ne5 19. Qd1
Be7 20. Bxe7 Qxe7 21. Rc7 Qg5 22. g3 Qg6 23. Nd6 Rd8 24. f4 Nc6 25. Bd3 f5 26.
Nb7 Rb8 27. Bc4 Nb4 28. a3 Qe8 29. axb4 Rxb7 30. Rxb7 Bxb7 31. Qd6 Kf7 32. Kf2
Qe7 33. Qe5 Be4 34. h4 Qd7 35. h5 Qd2+ 36. Be2 Qd8 37. Bc4 Qd2+ 38. Be2 Qd8 39.
Bc4 Qd2+ 1/2-1/2

[Event "M11"]
[Site "?"]
[Date "2023.07.23"]
[Round "2"]
[White "Adelmeyer, Matti"]
[Black "Hartwig, Maik"]
[Result "1-0"]
[ECO "B07"]
[WhiteElo "1944"]
[BlackElo "2040"]
[Annotator ",martin-koller@seznam"]
[PlyCount "67"]
[TimeControl "240+2"]

{600MB, Fritz10.ctg} 1. e4 g6 2. d4 Bg7 3. Nc3 d6 4. Be3 Nf6 5. f3 Nbd7 6. Qd2
h6 7. O-O-O a6 8. e5 Ng8 9. f4 b5 10. Bd3 Nb6 11. Nf3 d5 12. Nh4 e6 13. Qf2 Ne7
14. g4 Nc4 15. Rdf1 Nxe3 16. Qxe3 c5 17. dxc5 Bb7 18. Qf2 b4 19. Ne2 Qa5 20.
Kb1 Rf8 21. f5 gxf5 22. gxf5 exf5 23. Nxf5 Bxe5 24. Nd6+ Bxd6 25. cxd6 Nc6 26.
Qe3+ Kd7 27. Qxh6 Ne5 28. Bf5+ Kc6 29. Nd4+ Kb6 30. Nb3 Qb5 31. Qe3+ d4 32.
Qxd4+ Kc6 33. Be4+ Kd7 34. Nc5+ 1-0

[Event "M11"]
[Site "?"]
[Date "2023.07.23"]
[Round "2"]
[White "Hentzgen, Thomas"]
[Black "Aubrecht, Petr"]
[Result "0-1"]
[ECO "A57"]
[WhiteElo "2004"]
[BlackElo "1985"]
[Annotator ",martin-koller@seznam"]
[PlyCount "128"]
[TimeControl "240+2"]

{600MB, Fritz10.ctg} 1. d4 Nf6 2. c4 c5 3. d5 b5 4. cxb5 a6 5. e3 g6 6. Nc3 Bg7
7. a4 axb5 8. Bxb5 O-O 9. Nf3 Na6 10. O-O Nb4 11. e4 d6 12. Nd2 Ba6 13. Bxa6
Rxa6 14. Nc4 Nd7 15. Bg5 Ne5 16. Nxe5 Bxe5 17. Bh6 Re8 18. Qd2 Qd7 19. Be3 Rb8
20. f4 Bg7 21. Rab1 Raa8 22. b3 Na6 23. f5 Rb4 24. fxg6 hxg6 25. Bh6 Rd4 26.
Qg5 Nc7 27. Rf3 Bf6 28. Qf4 Ne8 29. Rbf1 Ng7 30. Rh3 Nh5 31. Rxh5 gxh5 32. Qg3+
Qg4 33. Rf3 Qxg3 34. Rxg3+ Kh7 35. Bf4 Rb4 36. Nb5 Rxe4 37. Bd2 Re5 38. Bc3 Rf5
39. Rh3 Bxc3 40. Nxc3 Rb8 41. g4 Rg5 42. Nb5 Rxg4+ 43. Kf2 Kg6 44. Re3 Rb7 45.
h3 Rf4+ 46. Ke2 c4 47. b4 c3 48. Nxc3 Rfxb4 49. Kd3 Rc7 50. Kd2 Rd4+ 51. Ke2 f5
52. Kf3 Kg5 53. Ke2 Rdc4 54. Kd2 f4 55. Rf3 Rd4+ 56. Ke2 Rc5 57. Ke1 Kf5 58.
Ke2 Ke5 59. Ke1 Rcxd5 60. Nxd5 Kxd5 61. Rb3 Rxa4 62. Rb5+ Ke4 63. Rxh5 Ke3 64.
Kf1 f3 0-1

[Event "M11"]
[Site "?"]
[Date "2023.07.23"]
[Round "2"]
[White "Hajek, Zdenek"]
[Black "Hansch, Torsten"]
[Result "1-0"]
[ECO "E08"]
[WhiteElo "1994"]
[BlackElo "2079"]
[Annotator ",martin-koller@seznam"]
[PlyCount "164"]
[TimeControl "240+2"]

{600MB, Fritz10.ctg} 1. d4 d5 2. Nf3 Nf6 3. c4 e6 4. g3 Bb4+ 5. Bd2 Be7 6. Bg2
O-O 7. O-O Nbd7 8. Qc2 c6 9. Bf4 b6 10. Nbd2 Bb7 11. Rfe1 Rc8 12. Rac1 c5 13.
Qb1 cxd4 14. cxd5 Rxc1 15. Rxc1 Nxd5 16. Nb3 Nxf4 17. gxf4 Qb8 18. Nbxd4 Qxf4
19. e3 Qb8 20. Nc6 Bxc6 21. Rxc6 Ne5 22. Nxe5 Qxe5 23. Qc2 Bd6 24. h3 Bc5 25.
a3 a5 26. b4 axb4 27. axb4 Bxb4 28. Rxb6 Be7 29. Qb2 Qh5 30. Qb1 g6 31. Rb8
Rxb8 32. Qxb8+ Kg7 33. Qf4 Qd1+ 34. Bf1 h5 35. Qc4 Bf6 36. Qd3 Qa1 37. Qa6 Qb2
38. Qb5 Qa3 39. Qa6 Qc5 40. Qb5 Qc7 41. Qc4 Qe5 42. Qb5 Qe4 43. Bg2 Qc2 44. Qc6
Qd1+ 45. Bf1 Be5 46. Qe4 Bb8 47. Qd3 Qa1 48. Qb5 Bd6 49. Qg5 Be5 50. Qd8 Qb2
51. Qa8 Bb8 52. Qe4 Qb6 53. Qd3 Qc5 54. Qb5 Qd6 55. Bg2 Qd1+ 56. Bf1 Bc7 57.
Qd3 Qa1 58. Qb5 Be5 59. Qa6 Qd1 60. Qd3 Qe1 61. Qe2 Qa5 62. Qc4 Qd8 63. Qe4 Bf6
64. Qd3 Qe7 65. Qb5 Bh4 66. Qe5+ Kg8 67. Qb8+ Kh7 68. Qf4 e5 69. Qf3 e4 70. Qf4
Bg5 71. Qb8 Qf6 72. Qg3 Bh4 73. Qg2 Qe5 74. Be2 f5 75. Qf1 Be7 76. Qg2 Bd6 77.
Bf1 Kh6 78. Be2 g5 79. Bf1 f4 80. exf4 gxf4 81. f3 e3 82. Bd3 Qf6 neÄ�itelnÃ© 1-0

[Event "K11"]
[Site "?"]
[Date "2023.07.23"]
[Round "2"]
[White "Thomasson, Staffan"]
[Black "Spindler, Markus"]
[Result "1/2-1/2"]
[ECO "A31"]
[WhiteElo "1740"]
[BlackElo "1865"]
[Annotator ",martin-koller@seznam"]
[PlyCount "42"]
[TimeControl "240+2"]

{600MB, Fritz10.ctg} 1. c4 c5 2. Nf3 Nc6 3. d4 cxd4 4. Nxd4 Nf6 5. Nc3 d6 6.
Bg5 h6 7. Bxf6 exf6 8. e4 Be7 9. Be2 O-O 10. O-O Be6 11. Rc1 Rc8 12. Nd5 Qd7
13. Qd2 Rfe8 14. Rfd1 Bxd5 15. cxd5 Nxd4 16. Qxd4 f5 17. Qxa7 fxe4 18. Qb6 Rxc1
19. Rxc1 Rc8 20. Qe3 Rxc1+ 21. Qxc1 Bg5 1/2-1/2

[Event "K11"]
[Site "?"]
[Date "2023.07.23"]
[Round "2"]
[White "Marsalek, Lubos"]
[Black "Vesely, Jaromir"]
[Result "1/2-1/2"]
[ECO "A13"]
[WhiteElo "1883"]
[BlackElo "1895"]
[Annotator ",martin-koller@seznam"]
[PlyCount "33"]
[TimeControl "240+2"]

{600MB, Fritz10.ctg} 1. c4 e6 2. Nf3 d5 3. g3 c6 4. Bg2 g6 5. d4 Bg7 6. e3 Nf6
7. O-O Ne4 8. Nbd2 f5 9. Nxe4 fxe4 10. Ne5 O-O 11. f3 exf3 12. Rxf3 Nd7 13.
Nxd7 Bxd7 14. Rxf8+ Qxf8 15. Bd2 c5 16. Bc3 Bc6 17. Qe2 1/2-1/2

[Event "K11"]
[Site "?"]
[Date "2023.07.23"]
[Round "2"]
[White "Ivanecka, Natalia"]
[Black "Fitzke, Ulrich"]
[Result "1/2-1/2"]
[ECO "D10"]
[WhiteElo "1794"]
[BlackElo "1796"]
[Annotator ",martin-koller@seznam"]
[PlyCount "54"]
[TimeControl "240+2"]

{600MB, Fritz10.ctg} 1. d4 d5 2. c4 c6 3. cxd5 cxd5 4. Nf3 Nd7 5. Nc3 e6 6. Bf4
a6 7. e3 Ngf6 8. Bd3 Be7 9. O-O O-O 10. Rc1 b5 11. Ne5 Bb7 12. Bg3 Nxe5 13.
Bxe5 Bd6 14. f4 Ne4 15. Qg4 Bxe5 16. fxe5 Qg5 17. Qh3 h6 18. Rf4 f5 19. exf6
Rxf6 20. Rxf6 Qxf6 21. Rf1 Qe7 22. Bxe4 dxe4 23. Qg4 Rf8 24. Rxf8+ Kxf8 25.
Qf4+ Kg8 26. h3 Bd5 27. a3 Qb7 1/2-1/2

[Event "K11"]
[Site "?"]
[Date "2023.07.23"]
[Round "2"]
[White "Schoenmakers, Nico"]
[Black "Petras, Milan"]
[Result "0-1"]
[ECO "C02"]
[WhiteElo "1839"]
[BlackElo "1886"]
[Annotator ",martin-koller@seznam"]
[PlyCount "124"]
[TimeControl "240+2"]

{600MB, Fritz10.ctg} 1. e4 e6 2. d4 d5 3. e5 c5 4. c3 Qb6 5. a3 Bd7 6. Nf3 cxd4
7. cxd4 Bb5 8. Bxb5+ Qxb5 9. Nc3 Qa6 10. Qa4+ Qxa4 11. Nxa4 a5 12. O-O Ne7 13.
Be3 Nd7 14. Rac1 Nc6 15. Rc2 Be7 16. Rfc1 h6 17. g3 O-O 18. h4 f6 19. exf6 Rxf6
20. Ne5 Ndxe5 21. dxe5 Rf7 22. f4 d4 23. Bf2 g5 24. hxg5 hxg5 25. Nc5 Bxc5 26.
Rxc5 gxf4 27. Kg2 Rd8 28. g4 d3 29. Rd1 d2 30. Kf1 Rg7 31. Rc2 Nxe5 32. Rcxd2
Rxd2 33. Rxd2 Nxg4 34. Rd8+ Kh7 35. Bd4 e5 36. Bc3 Re7 37. Ke2 e4 38. Rh8+ Kg6
39. Rg8+ Kh5 40. Rh8+ Kg5 41. Rg8+ Kh5 42. Rh8+ Nh6 43. Rf8 Kg4 44. Rf6 f3+ 45.
Ke1 Nf5 46. Rg6+ Kh5 47. Rg8 Re6 48. Kf2 Rg6 49. Rh8+ Kg4 50. Bd2 e3+ 51. Bxe3
Nxe3 52. Kxe3 Re6+ 53. Kf2 Re2+ 54. Kf1 Rxb2 55. Rg8+ Kf4 56. Rf8+ Ke3 57. Re8+
Kd2 58. Rd8+ Kc2 59. Rd5 a4 60. Ke1 Rb1+ 61. Kf2 Rb3 62. Rc5+ Rc3 neÄ�itelnÃ© 0-1

[Event "M11"]
[Site "?"]
[Date "2023.07.24"]
[Round "3"]
[White "Hansch, Torsten"]
[Black "Hansch, Stephan"]
[Result "0-1"]
[ECO "D20"]
[WhiteElo "2079"]
[BlackElo "2123"]
[Annotator ",martin-koller@seznam"]
[PlyCount "22"]
[TimeControl "240+2"]

{600MB, Fritz10.ctg} 1. d4 d5 2. c4 dxc4 3. e4 Nc6 4. Be3 Nf6 5. Nc3 e5 6. d5
Na5 7. Nf3 Bd6 8. Qa4+ Bd7 9. Qxa5 a6 10. Nb1 Nxe4 11. Kd1 c3 0-1

[Event "M11"]
[Site "?"]
[Date "2023.07.24"]
[Round "3"]
[White "Hozda, Max"]
[Black "Adelmeyer, Matti"]
[Result "1-0"]
[ECO "A85"]
[WhiteElo "1986"]
[BlackElo "1944"]
[Annotator ",martin-koller@seznam"]
[PlyCount "39"]
[TimeControl "240+2"]

{600MB, Fritz10.ctg} 1. d4 f5 2. c4 Nf6 3. Nc3 g6 4. h4 Bg7 5. h5 Nxh5 6. e4
fxe4 7. Rxh5 gxh5 8. Qxh5+ Kf8 9. Bh6 e6 10. Nxe4 Qe7 11. O-O-O d6 12. Rd3
Bxh6+ 13. Qxh6+ Ke8 14. Rg3 Rf8 15. Be2 Kd7 16. Rg7 Rf7 17. Nf6+ Kc6 18. Qh5 a6
19. Rxf7 Qd8 20. Qa5 1-0

[Event "M11"]
[Site "?"]
[Date "2023.07.24"]
[Round "3"]
[White "Hartwig, Maik"]
[Black "NovotnÃ½, David"]
[Result "1/2-1/2"]
[ECO "D02"]
[WhiteElo "2040"]
[BlackElo "2034"]
[Annotator ",martin-koller@seznam"]
[PlyCount "76"]
[TimeControl "240+2"]

{600MB, Fritz10.ctg} 1. d4 Nf6 2. Nf3 c6 3. g3 d5 4. Bg2 e6 5. O-O Be7 6. Nbd2
O-O 7. c3 b6 8. Ne5 Bb7 9. e4 c5 10. exd5 Bxd5 11. Ndf3 Nbd7 12. Qa4 Nxe5 13.
dxe5 Ne8 14. c4 Bb7 15. Rd1 Qc8 16. Ne1 Bxg2 17. Nxg2 Nc7 18. Be3 Na6 19. a3
Nb8 20. Rd2 Nc6 21. f4 Qb7 22. Rad1 Rfd8 23. Qc2 Rxd2 24. Rxd2 Rd8 25. Rxd8+
Nxd8 26. Qd3 g6 27. Bd2 Nc6 28. Bc3 Kf8 29. Ne3 Qc7 30. Kf2 Qd8 31. Qxd8+ Bxd8
32. Kf3 h5 33. h3 Kg7 34. h4 f5 35. Ke2 Be7 36. Nc2 a5 37. b3 Kf7 38. Kd3 Ke8
1/2-1/2

[Event "M11"]
[Site "?"]
[Date "2023.07.24"]
[Round "3"]
[White "Aubrecht, Petr"]
[Black "Hajek, Zdenek"]
[Result "1-0"]
[ECO "A01"]
[WhiteElo "1985"]
[BlackElo "1994"]
[Annotator ",martin-koller@seznam"]
[PlyCount "80"]
[TimeControl "240+2"]

{600MB, Fritz10.ctg} 1. b3 e5 2. Bb2 Nc6 3. e3 Nf6 4. Nf3 e4 5. Nd4 Nxd4 6.
Bxd4 Be7 7. d3 c5 8. Bb2 O-O 9. dxe4 Nxe4 10. Bd3 Qa5+ 11. c3 d5 12. O-O Rd8
13. Qc2 Nf6 14. Nd2 h6 15. Nf3 b5 16. c4 dxc4 17. bxc4 b4 18. Be4 Rb8 19. Ne5
Qc7 20. Nc6 Nxe4 21. Qxe4 Re8 22. Nxb8 Qxb8 23. Qe5 Qxe5 24. Bxe5 Be6 25. Rfc1
a5 26. a3 f6 27. Bb2 Ra8 28. axb4 cxb4 29. Bd4 a4 30. c5 a3 31. Rcb1 b3 32. Kf1
a2 33. Rc1 Rc8 34. Ke2 Bxc5 35. Bb2 Bd6 36. Rxc8+ Bxc8 37. Kd3 Be6 38. Rc1 Kf7
39. f4 g5 40. g3 gxf4 1-0

[Event "M11"]
[Site "?"]
[Date "2023.07.24"]
[Round "3"]
[White "Doring, Robert"]
[Black "Hentzgen, Thomas"]
[Result "1-0"]
[ECO "C00"]
[WhiteElo "2142"]
[BlackElo "2004"]
[Annotator ",martin-koller@seznam"]
[PlyCount "158"]
[TimeControl "240+2"]

{600MB, Fritz10.ctg} 1. e4 e6 2. Qe2 c5 3. g3 Nc6 4. Bg2 g6 5. Nf3 Bg7 6. O-O
Nge7 7. c3 d6 8. Na3 O-O 9. Nc2 e5 10. d3 f5 11. exf5 Bxf5 12. Ne3 Bd7 13. Ng5
h6 14. Ne4 Be6 15. Nc4 Bxc4 16. dxc4 Qc7 17. Be3 Kh7 18. Rad1 Rad8 19. h4 Nf5
20. Bc1 Qf7 21. Bg5 Rd7 22. g4 Kh8 23. gxf5 gxf5 24. Nxd6 Qg6 25. Ne4 Rxd1 26.
Rxd1 hxg5 27. Rd6 Qh7 28. Nxg5 Qxh4 29. Qe3 e4 30. Qh3 Qxh3 31. Nxh3 Ne5 32.
Nf4 Kh7 33. Kf1 Bh6 34. Ne6 Rf6 35. Bh3 Nxc4 36. Rd7+ Kh8 37. Nd8 Kg8 38. Nxb7
Nxb2 39. Nxc5 Rc6 40. Rd5 Bf8 41. Nd7 Rxc3 42. Bxf5 Nd3 43. Bxe4 Rc1+ 44. Ke2
Nf4+ 45. Kd2 Rg1 46. Rb5 Bh6 47. Rb7 a5 48. Nf6+ Kf8 49. Nh7+ Ke8 50. Nf6+ Kf8
51. Kc2 Rf1 52. Ng4 Bg7 53. Rb5 Re1 54. Rf5+ Ke7 55. Rxf4 Re2+ 56. Kb3 a4+ 57.
Kxa4 Rxa2+ 58. Kb3 Re2 59. Bd3 Rd2 60. Kc4 Ke6 61. Re4+ Kf7 62. f4 Bb2 63. Ne5+
Kf6 64. Ng4+ Kf7 65. Re1 Rg2 66. Bf5 Kf8 67. Kd3 Kf7 68. Be6+ Kf8 69. Rb1 Ke7
70. Bf5 Kf7 71. Ke4 Ke7 72. Ne3 Re2 73. Bg4 Rf2 74. Nf5+ Kf6 75. Ne3 Ke7 76.
Rh1 Kf6 77. Nd5+ Kg7 78. Rg1 Kf7 79. Bh5+ Kf8 1-0

[Event "K11"]
[Site "?"]
[Date "2023.07.24"]
[Round "3"]
[White "Vesely, Jaromir"]
[Black "Schoenmakers, Nico"]
[Result "1-0"]
[ECO "D53"]
[WhiteElo "1895"]
[BlackElo "1839"]
[Annotator ",martin-koller@seznam"]
[PlyCount "55"]
[TimeControl "240+2"]

{600MB, Fritz10.ctg} 1. d4 d5 2. c4 e6 3. Nf3 c6 4. Nc3 Nf6 5. Bg5 Be7 6. e3 h6
7. Bh4 O-O 8. Bd3 dxc4 9. Bxc4 b5 10. Bd3 a6 11. Qe2 Nbd7 12. Rd1 Qb6 13. O-O
Re8 14. Bb1 c5 15. Ne5 cxd4 16. exd4 Nf8 17. Bxf6 Bxf6 18. Ne4 Be7 19. Qh5 Bb7
20. Qxf7+ Kh8 21. Ng6+ Nxg6 22. Qxg6 Kg8 23. Ng3 Bf6 24. Nh5 Bxd4 25. Nxg7 Re7
26. Nf5+ Rg7 27. Nxg7 Bxg7 28. Rd7 1-0

[Event "K11"]
[Site "?"]
[Date "2023.07.24"]
[Round "3"]
[White "Fitzke, Ulrich"]
[Black "Tesar, Jakub"]
[Result "0-1"]
[ECO "D94"]
[WhiteElo "1796"]
[BlackElo "1888"]
[Annotator ",martin-koller@seznam"]
[PlyCount "52"]
[TimeControl "240+2"]

{600MB, Fritz10.ctg} 1. d4 Nf6 2. c4 g6 3. Nc3 d5 4. e3 Bg7 5. Nf3 O-O 6. Bd3
c5 7. O-O cxd4 8. Nxd4 e5 9. Nc2 e4 10. Be2 dxc4 11. Qxd8 Rxd8 12. Bxc4 Nc6 13.
Rd1 Bg4 14. Rd2 Ne5 15. Be2 Bxe2 16. Nxe2 Nd3 17. Ncd4 Ng4 18. b3 Ngxf2 19. h3
Bh6 20. Nc2 Nxc1 21. Rxd8+ Rxd8 22. Rxc1 Nd1 23. Kh1 Nxe3 24. Nxe3 Bxe3 25. Re1
f5 26. Ng3 Bf2 0-1

[Event "K11"]
[Site "?"]
[Date "2023.07.24"]
[Round "3"]
[White "Spindler, Markus"]
[Black "Marsalek, Lubos"]
[Result "0-1"]
[ECO "B22"]
[WhiteElo "1885"]
[BlackElo "1883"]
[Annotator ",martin-koller@seznam"]
[PlyCount "76"]
[TimeControl "240+2"]

{600MB, Fritz10.ctg} 1. e4 c5 2. c3 Nf6 3. e5 Nd5 4. d4 cxd4 5. Nf3 d6 6. cxd4
Nc6 7. Nc3 Nb6 8. Bb5 a6 9. Bxc6+ bxc6 10. O-O Bg4 11. h3 Bh5 12. g4 Bg6 13.
Bf4 e6 14. Rc1 h5 15. g5 Be7 16. h4 O-O 17. Qe2 d5 18. Be3 Qd7 19. Rfe1 Rfc8
20. Nh2 c5 21. Nf1 c4 22. Ng3 Na4 23. Nxh5 Bxh5 24. Qxh5 g6 25. Qe2 Kg7 26. Kg2
Rh8 27. Rh1 Rab8 28. Nxa4 Qxa4 29. a3 Rh5 30. f4 Rb3 31. Rc2 Rxe3 32. Qxe3
Qxc2+ 33. Qf2 Qxf2+ 34. Kxf2 Rh8 35. Kg3 Rb8 36. Rh2 Rb5 37. Kg4 Rb3 38. h5
gxh5+ 0-1

[Event "M11"]
[Site "?"]
[Date "2023.07.25"]
[Round "4"]
[White "Hentzgen, Thomas"]
[Black "Hartwig, Maik"]
[Result "1/2-1/2"]
[ECO "B09"]
[WhiteElo "2004"]
[BlackElo "2040"]
[Annotator ",martin-koller@seznam"]
[PlyCount "29"]
[TimeControl "240+2"]

{600MB, Fritz10.ctg} 1. e4 g6 2. d4 Bg7 3. Nc3 d6 4. f4 Nf6 5. Nf3 c5 6. e5 Ng4
7. Bb5+ Bd7 8. e6 Bxb5 9. Ng5 fxe6 10. Nxe6 Bxd4 11. Nxd8 Bf2+ 12. Kd2 Be3+ 13.
Ke1 Bf2+ 14. Kd2 Be3+ 15. Ke1 1/2-1/2

[Event "M11"]
[Site "?"]
[Date "2023.07.25"]
[Round "4"]
[White "Hozda, Max"]
[Black "Hansch, Torsten"]
[Result "1/2-1/2"]
[ECO "D35"]
[WhiteElo "1986"]
[BlackElo "2079"]
[Annotator ",martin-koller@seznam"]
[PlyCount "30"]
[TimeControl "240+2"]

{600MB, Fritz10.ctg} 1. d4 d5 2. c4 e6 3. Nc3 Nf6 4. cxd5 exd5 5. Bg5 c6 6. e3
Be7 7. Bd3 Nbd7 8. Nf3 O-O 9. O-O h6 10. Bh4 Ne4 11. Bxe7 Qxe7 12. Qc2 Ndf6 13.
Rab1 Bf5 14. b4 Nxc3 15. Qxc3 Bxd3 1/2-1/2

[Event "M11"]
[Site "?"]
[Date "2023.07.25"]
[Round "4"]
[White "Hajek, Zdenek"]
[Black "Doring, Robert"]
[Result "0-1"]
[ECO "E61"]
[WhiteElo "1994"]
[BlackElo "2142"]
[Annotator ",martin-koller@seznam"]
[PlyCount "56"]
[TimeControl "240+2"]

{600MB, Fritz10.ctg} 1. d4 Nf6 2. Nf3 g6 3. c4 Bg7 4. Nc3 d6 5. e3 c6 6. Be2
O-O 7. O-O Nbd7 8. Qc2 e5 9. b3 Re8 10. Re1 a6 11. Ba3 c5 12. dxe5 dxe5 13. e4
Qa5 14. Bb2 Nb8 15. Nd5 Nc6 16. Bc3 Qd8 17. Bf1 Bg4 18. Qd2 Bxf3 19. gxf3 Nh5
20. Rad1 Qh4 21. b4 cxb4 22. Nxb4 Nxb4 23. Bxb4 Nf4 24. Qd7 Ne6 25. Rd5 Bh6 26.
Bd2 Rad8 27. Qa4 Bxd2 28. Rxd2 Qg5+ 0-1